 Dungeon Crawl Stone Soup version 0.28.0 (webtiles) character file.

Game seed: 12596138416434519309

3936 arthad the Cleaver (level 10, -6/82 HPs)
             Began as a Gnoll Cinder Acolyte on Feb 16, 2022.
             Was a Believer of Ignis.
             Mangled by a killer bee (7 damage)
             ... on level 8 of the Dungeon on Feb 17, 2022.
             The game lasted 00:30:08 (8817 turns).

arthad the Cleaver (Gnoll Cinder Acolyte)           Turns: 8817, Time: 00:30:09

Health: -6/82      AC:  5    Str: 16    XL:     10   Next: 21%
Magic:  25/27      EV: 13    Int: 12    God:    Ignis [**....]
Gold:   479        SH:  7    Dex: 11    Spells: 18/20 levels left

rFire   + + .      SeeInvis .   o - +0 hand axe of Talywo {speed, rPois rC+ Int-4 Dex+4}
rCold   + + +      Faith    .   l - +2 buckler
rNeg    . . .      Spirit   .   w - +2 robe {rC+}
rPois   +          Reflect  .   I - +0 helmet
rElec   +          Harm     .   (no cloak)
rCorr   +          Rampage  .   (no gloves)
Will    .....                   (no boots)
Stlth   +++.......              v - amulet of regeneration
HPRegen 1.03/turn               n - ring of magical power
MPRegen 0.20/turn               (no ring)

@: lethally poisoned (-6 -> -6), resistant
A: fangs 1, strong nose, distributed training, mutation resistance 1, noise
suppression
a: Renounce Religion, Fiery Armour, Foxfire Swarm, Rising Flame


You were on level 8 of the Dungeon.
You worshipped Ignis.
Ignis was pleased with you.
You visited 2 branches of the dungeon, and saw 9 of its levels.

You collected 479 gold pieces.

Inventory:

Hand Weapons
 g - a +1 trident of venom
 i - a +2 dagger of venom
 o - the +0 hand axe of Talywo (weapon) {speed, rPois rC+ Int-4 Dex+4}
   (You found it on level 2 of the Dungeon)

   Attacks with this weapon are significantly faster.
   Int:       It affects your intelligence (-4).
   Dex:       It affects your dexterity (+4).
   rC:        It protects you from cold.
   rPois:     It protects you from poison.
 z - a +0 triple sword
 B - a +3 hand axe of flaming
 H - a +2 whip of electrocution
Missiles
 p - 2 poisoned darts
 q - 23 arrows
 s - 108 bolts
 t - 69 sling bullets
 D - 6 boomerangs
 F - a throwing net
Armour
 b - a +0 robe
 l - a +2 buckler (worn)
 w - a +2 robe of cold resistance (worn)
 I - a +0 helmet (worn)
Jewellery
 m - an amulet of faith
 n - a ring of magical power (left hand)
 u - an amulet of magic regeneration
 v - an amulet of regeneration (around neck)
Wands
 h - a wand of polymorph (6)
Scrolls
 f - 2 scrolls of blinking
 j - 7 scrolls of identify
 r - 3 scrolls of teleportation
 x - a scroll of amnesia
 y - 3 scrolls of holy word
 A - a scroll of magic mapping
Potions
 a - a potion of degeneration {unknown}
 c - a potion of mutation
 d - a potion of cancellation
 C - 2 potions of berserk rage
 G - a potion of attraction


   Skills:
 + Level 8.4 Fighting
 + Level 5.0 Short Blades
 + Level 5.0 Long Blades
 + Level 8.4 Axes
 + Level 5.0 Maces & Flails
 + Level 5.0 Polearms
 + Level 5.0 Staves
 + Level 5.0 Slings
 + Level 5.0 Bows
 + Level 5.0 Crossbows
 + Level 5.0 Throwing
 + Level 5.0 Armour
 + Level 5.0 Dodging
 + Level 5.0 Stealth
 + Level 5.0 Shields
 + Level 5.0 Unarmed Combat
 + Level 5.8 Spellcasting
 + Level 4.2 Conjurations
 + Level 4.2 Hexes
 + Level 4.2 Summonings
 + Level 4.2 Necromancy
 + Level 4.2 Translocations
 + Level 4.2 Transmutations
 + Level 7.0 Fire Magic
 + Level 4.2 Ice Magic
 + Level 4.2 Air Magic
 + Level 4.2 Earth Magic
 + Level 4.2 Poison Magic
 + Level 5.5 Invocations
 + Level 5.0 Evocations


You had 18 spell levels left.
You knew the following spells:

 Your Spells              Type           Power      Damage    Failure   Level
a - Scorch                Fire           40%        2d7       1%          2

Your spell library contained the following spells:

 Spells                   Type           Power      Damage    Failure   Level
 Magic Dart               Conj           52%        1d5       4%          1
 Slow                     Hex            52%        N/A       4%          1
 Searing Ray              Conj           26%        2d5       6%          2
 Sublimation of Blood     Necr           13%        N/A       6%          2
 Wereblood                Tmut           13%        N/A       6%          2
 Confusing Touch          Hex            13%        N/A       12%         3
 Portal Projectile        Hex/Tloc       26%        N/A       12%         3
 Vampiric Draining        Necr           13%        2d6       12%         3
 Fulminant Prism          Conj/Hex       6%         3d7       38%         4
 Blade Hands              Tmut           6%         N/A       75%         5
 Excruciating Wounds      Necr           6%         N/A       75%         5
 Summon Hydra             Summ           6%         N/A       100%        7


Dungeon Overview and Level Annotations

Branches:
Dungeon (8/15)             Temple (1/1) D:5
   Lair: D:8-11

Altars:
Ashenzari
Cheibriados
Dithmenos
Elyvilon
Fedhas
Gozag
Hepliaklqana
Kikubaaqudgha
Makhleb
Nemelex Xobeh
Okawaru
Qazlal
Ru
Sif Muna
Trog
Uskayaw
Vehumet
Wu Jian
Xom
Yredelemnul
Zin
The Shining One

Shops:
D:6 :   D:8 =


Innate Abilities, Weirdness & Mutations

You have very sharp teeth.
Your uncanny sense of smell can sniff out nearby items.
Your experience applies equally to all skills.
You are somewhat resistant to further mutation.
You passively dampen the noise of your surroundings.


Message History

The killer bee is lightly wounded.
You barely miss the killer bee. You miss the killer bee.
The killer bee barely misses you. x2; You block the killer bee's attack.
You hit the killer bee but do no damage.
The killer bee is lightly wounded.
You hit the killer bee but do no damage.
You closely miss the killer bee.
You feel sick.
The killer bee stings you but does no damage.
You block the killer bee's attack. x2
The killer bee stings you but does no damage.
The killer bee stings you.
* * * LOW HITPOINT WARNING * * *
Unknown command.
You are too injured to fight recklessly!
You are too injured to fight recklessly!
You are too injured to fight recklessly!
You hit the killer bee.
The killer bee is moderately wounded.
You hit the killer bee. You barely miss the killer bee.
You feel sick.
You are no longer poisoned.
You block the killer bee's attack. The killer bee stings you.
* * * LOW HITPOINT WARNING * * *
The killer bee stings you.
* * * LOW HITPOINT WARNING * * *
Unknown command.
You closely miss the killer bee.
The killer bee is moderately wounded.
You barely miss the killer bee. You miss the killer bee.
The killer bee stings you!
* * * LOW HITPOINT WARNING * * *
The killer bee stings you.
* * * LOW HITPOINT WARNING * * *
You are poisoned.
The killer bee poisons you! The killer bee closely misses you.
You feel protected.
* * * LOW HITPOINT WARNING * * *
You feel sick. You block the killer bee's attack. x2
The killer bee barely misses you. The killer bee completely misses you.
The killer bee stings you!
You die...

.......#..#..####.
#####..#..#).####.#####
....#..#..#..... .....
....'..#..#.... ....
....'..#..#..####...#
....#..#..#.....#...#
....#....∩......#...#
....#...........#...#
#####...........@y.#
.......≈≈..#..yy.#
.......≈≈...#.....+
..........≈..#.....#
#######.≈≈...........
...≈≈...###...###
...≈≈≈..# #...# .?
#...#


You could see 3 killer bees.

Vanquished Creatures
  A gargoyle (D:6)
  4 yaks (D:6)
  A steam dragon (D:7)
  Menkaure (D:7)
  4 water moccasins
  2 orc warriors (D:7)
  An ice beast (D:6)
  A black bear (D:5)
  An ogre (D:7)
  A tengu (D:7)
  A centaur (D:8)
  3 lemures (D:5)
  2 phantoms
  4 bullfrogs
  4 scorpions
  A wyvern zombie (D:7)
  Dowan (D:5)
  2 killer bees (D:8)
  3 wights (D:8)
  An electric eel (D:8)
  A howler monkey (D:5)
  4 hounds
  A jelly (D:6)
  4 centaur skeletons
  Jessica (D:3)
  An iguana (D:4)
  5 orc wizards
  A hound skeleton (D:5)
  Robin (D:2)
  5 gnolls
  A howler monkey skeleton (D:7)
  9 adders
  A shadow imp (D:7)
  2 ufetubi
  3 worms
  3 dart slugs
  27 orcs
  9 endoplasms
  3 giant cockroaches
  17 goblins
  12 hobgoblins
  7 jackals
  5 quokkas
  10 ball pythons
  10 bats
  5 frilled lizards
  6 kobolds
  6 rats
199 creatures vanquished.

Vanquished Creatures (others)
  23 foxfires (D:6)
  61 plants (D:3)
84 creatures vanquished.

Grand Total: 283 creatures vanquished

Notes
Turn   | Place    | Note
-------+----------+-------------------------------------------
     0 | D:1      | arthad the Gnoll Cinder Acolyte began the quest for the
                  | Orb.
     0 | D:1      | Reached XP level 1. HP: 23/23 MP: 4/4
   181 | D:1      | Reached XP level 2. HP: 16/29 MP: 5/5
   465 | D:1      | Learned a level 2 spell: Scorch
   707 | D:1      | Reached XP level 3. HP: 22/35 MP: 7/7
  1268 | D:1      | Reached skill level 1 in Invocations
  1946 | D:2      | Reached skill level 1 in Short Blades
  1946 | D:2      | Reached skill level 1 in Long Blades
  1946 | D:2      | Reached skill level 1 in Maces & Flails
  1946 | D:2      | Reached skill level 1 in Polearms
  1946 | D:2      | Reached skill level 1 in Staves
  1946 | D:2      | Reached skill level 1 in Slings
  1946 | D:2      | Reached skill level 1 in Bows
  1946 | D:2      | Reached skill level 1 in Crossbows
  1946 | D:2      | Reached skill level 1 in Throwing
  1946 | D:2      | Reached skill level 1 in Armour
  1946 | D:2      | Reached skill level 1 in Dodging
  1946 | D:2      | Reached skill level 1 in Stealth
  1946 | D:2      | Reached skill level 1 in Shields
  1946 | D:2      | Reached skill level 1 in Unarmed Combat
  1946 | D:2      | Reached skill level 1 in Evocations
  1946 | D:2      | Reached XP level 4. HP: 41/41 MP: 8/8
  2308 | D:2      | Found a faded altar of an unknown god.
  2339 | D:2      | Noticed Robin
  2355 | D:2      | Killed Robin
  2356 | D:2      | Reached skill level 1 in Conjurations
  2356 | D:2      | Reached skill level 1 in Hexes
  2356 | D:2      | Reached skill level 1 in Summonings
  2356 | D:2      | Reached skill level 1 in Necromancy
  2356 | D:2      | Reached skill level 1 in Translocations
  2356 | D:2      | Reached skill level 1 in Transmutations
  2356 | D:2      | Reached skill level 1 in Ice Magic
  2356 | D:2      | Reached skill level 1 in Air Magic
  2356 | D:2      | Reached skill level 1 in Earth Magic
  2356 | D:2      | Reached skill level 1 in Poison Magic
  2631 | D:2      | Reached XP level 5. HP: 37/47 MP: 9/9
  2995 | D:2      | Identified the +0 hand axe of Talywo {speed, rPois rC+
                  | Int-4 Dex+4}
  4325 | D:3      | Noticed Jessica
  4338 | D:3      | Killed Jessica
  4339 | D:3      | Reached XP level 6. HP: 53/53 MP: 11/11
  4861 | D:4      | Found a shimmering blue altar of Sif Muna.
  5016 | D:4      | Reached XP level 7. HP: 44/59 MP: 12/12
  5369 | D:5      | Entered Level 5 of the Dungeon
  5369 | D:5      | Noticed Dowan
  5371 | D:5      | Noticed Duvessa
  5382 | D:5      | Killed Dowan
  5384 | D:5      | Noticed Duvessa
  5384 | D:5      | Duvessa changed into Duvessa the black bear
  5389 | D:5      | Killed Duvessa the black bear
  5505 | D:5      | Reached XP level 8. HP: 58/67 MP: 14/14
  5648 | D:5      | Found a staircase to the Ecumenical Temple.
  5807 | D:5      | Noticed Pikel
  5828 | D:5      | Noticed Pikel
  5828 | D:5      | Pikel changed into Pikel the bullfrog
  5829 | D:5      | Killed Pikel the bullfrog
  6005 | Temple   | Entered the Ecumenical Temple
  6479 | D:6      | Noticed a yak
  6481 | D:6      | Noticed a yak
  6481 | D:6      | Noticed a yak
  6483 | D:6      | Noticed a yak
  6498 | D:6      | Noticed a gargoyle
  6500 | D:6      | Killed a yak
  6517 | D:6      | Killed a yak
  6518 | D:6      | Reached XP level 9. HP: 31/73 MP: 16/16
  6529 | D:6      | Killed a gargoyle
  6530 | D:6      | Reached skill level 5 in Spellcasting
  6908 | D:6      | Found Gar Wut's Book Emporium.
  7394 | D:7      | You fall into a shaft and drop 1 floor!
  7501 | D:8      | Reached skill level 5 in Invocations
  7581 | D:7      | Noticed Menkaure
  7590 | D:7      | Killed Menkaure
  7929 | D:7      | Reached XP level 10. HP: 80/80 MP: 18/18
  8511 | D:7      | Reached skill level 5 in Short Blades
  8511 | D:7      | Reached skill level 5 in Long Blades
  8511 | D:7      | Reached skill level 5 in Maces & Flails
  8511 | D:7      | Reached skill level 5 in Polearms
  8511 | D:7      | Reached skill level 5 in Staves
  8511 | D:7      | Reached skill level 5 in Slings
  8511 | D:7      | Reached skill level 5 in Bows
  8511 | D:7      | Reached skill level 5 in Crossbows
  8511 | D:7      | Reached skill level 5 in Throwing
  8511 | D:7      | Reached skill level 5 in Armour
  8511 | D:7      | Reached skill level 5 in Dodging
  8511 | D:7      | Reached skill level 5 in Stealth
  8511 | D:7      | Reached skill level 5 in Shields
  8511 | D:7      | Reached skill level 5 in Unarmed Combat
  8511 | D:7      | Reached skill level 5 in Evocations
  8790 | D:8      | Found Ucehi's Jewellery Emporium.
  8794 | D:8      | Gained mutation: You passively dampen the noise of your
                  | surroundings. [potion of mutation]
  8794 | D:8      | Gained mutation: You are somewhat resistant to further
                  | mutation. [potion of mutation]
  8816 | D:8      | HP: 2/82 [killer bee (5)]
  8817 | D:8      | Mangled by a killer bee

Illustrated notes

Levels and vault maps discovered:
D:1:      eino_arrival_water_star, layout_loops_cross, minmay_pentomino_p2
D:2:      minmay_thinvault, layout_loops_ring,
          shapermc_ecumenical_altar_mp_vishouse, minmay_quantized, uniq_robin
D:3:      wad_woods_pond, layout_basic, uniq_jessica
D:4:      layout_gridville, lemuel_blue_sif_altar
D:5:      layout_cave_pools, minmay_temple_entry_nine_rooms,
          kennysheep_generic_room_16, uniq_pikel, uniq_duvessa
D:6:      layout_basic, serial_shops, shop
D:7:      layout_cave_pools, serial_rivers, chequers_serial_rivers_large_a,
          chequers_serial_rivers_micro_b, chequers_serial_rivers_small_b,
          chequers_serial_rivers_large_b, chequers_serial_rivers_micro_c,
          lightli_orcish_oven, uniq_menkaure
D:8:      layout_basic, serial_shops, shop
Temple:   mainiacjoe_temple_hex_bubbles

Skill      XL: |  1  2  3  4  5  6  7  8  9 10 |
---------------+-------------------------------+-----
Invocations    | 1 2 3 4 5 |  5.5
Short Blades   | 1 2 3 4 5 |  5.0
Long Blades    | 1 2 3 4 5 |  5.0
Maces & Flails | 1 2 3 4 5 |  5.0
Polearms       | 1 2 3 4 5 |  5.0
Staves         | 1 2 3 4 5 |  5.0
Slings         | 1 2 3 4 5 |  5.0
Bows           | 1 2 3 4 5 |  5.0
Crossbows      | 1 2 3 4 5 |  5.0
Throwing       | 1 2 3 4 5 |  5.0
Armour         | 1 2 3 4 5 |  5.0
Dodging        | 1 2 3 4 5 |  5.0
Stealth        | 1 2 3 4 5 |  5.0
Shields        | 1 2 3 4 5 |  5.0
Unarmed Combat | 1 2 3 4 5 |  5.0
Evocations     | 1 2 3 4 5 |  5.0
Spellcasting   | 3 4 5 |  5.8
Conjurations   | 1 2 3 4 |  4.2
Hexes          | 1 2 3 4 |  4.2
Summonings     | 1 2 3 4 |  4.2
Necromancy     | 1 2 3 4 |  4.2
Translocations | 1 2 3 4 |  4.2
Transmutations | 1 2 3 4 |  4.2
Ice Magic      | 1 2 3 4 |  4.2
Air Magic      | 1 2 3 4 |  4.2
Earth Magic    | 1 2 3 4 |  4.2
Poison Magic   | 1 2 3 4 |  4.2
Fighting       | 7 8 |  8.4
Axes           | 7 8 |  8.4
Fire Magic     | 6 7 |  7.0

Action                   |  1- 3 |  4- 6 |  7- 9 | 10-12 || total
-------------------------+-------+-------+-------+-------++-------
Melee: Hand axe          |   133 |   210 |   348 |   171 ||   862
       Bite              |     8 |    16 |    36 |    19 ||    79
 Cast: Scorch            |       |       |    27 |     2 ||    29
Invok: Fiery Armour      |       |     1 |     3 |       ||     4
       Foxfire Swarm     |       |       |     3 |       ||     3
Evoke: Wand              |       |       |     7 |       ||     7
  Use: Scroll            |       |     8 |     3 |     1 ||    12
       Potion            |       |       |     9 |     6 ||    15
 Stab: Sleeping          |     1 |     6 |     2 |     1 ||    10
Armor: Robe              |    34 |    31 |    99 |    33 ||   197
Dodge: Dodged            |    82 |    81 |   179 |    95 ||   437
Block: Buckler           |       |    43 |   100 |    53 ||   196
